Map: [ESL] Blackburn

Players

Kelazhur - Winner!

  • Race: Terran Terran

Has

  • Race: Protoss Protoss
  • League: Diamond

Event: IEM Katowice 2022

VOD

Have the link to the VOD?

Description

Time

  • Played on: Feb. 23, 2022, 9:34 a.m.
  • Length: 12:02

All games in this series

Show
View Real Time Build Order
Export as new Build Order

Kelazhur Terran - Winner!

Build Orders:  

Get SALT Encoding   

  12  0:00  SCV  
  13  0:12  SCV  
  14  0:17  Supply Depot  
  14  0:24  SCV  
  15  0:39  SCV  
  15  0:40  Barracks  
  16  0:44  Refinery  
  16  0:51  SCV  
  16  0:54  Refinery  
  17  1:03  SCV  
  18  1:15  SCV  
  19  1:27  Orbital Command  
  19  1:28  Reaper  
  20  1:35  Supply Depot  
  20  1:45  Factory  
  20  1:55  SCV  
  20  2:00  Barracks Reactor  
  21  2:07  SCV  
  22  2:19  SCV  
  22  2:22  Bunker  
  25  2:30  Widow Mine  
  25  2:31  SCV  
  26  2:42  Starport  
  26  2:43  SCV  
  27  2:46  Marine x2  
  29  2:51  Bunker  
  29  2:56  Widow Mine  
  31  3:00  Supply Depot  
  31  3:03  SCV  
  32  3:05  Marine x2  
  32  3:12  Command Center  
  34  3:19  Medivac  
  36  3:25  SCV  
  37  3:28  Widow Mine  
  37  3:33  Marine  
  37  3:34  Marine  
  41  3:45  SCV  
  41  3:47  Supply Depot  
  42  3:51  Factory Tech Lab  
  42  3:54  Marine x2  
  44  4:01  SCV  
  45  4:05  Starport Tech Lab  
  45  4:11  Siege Tank  
  45  4:16  SCV  
  49  4:28  SCV  
  49  4:31  Raven  
  46  4:40  SCV, Marine x2  
  49  4:48  Orbital Command  
  49  4:52  SCV  
  50  5:00  Marine x2  
  50  5:01  Siege Tank  
  50  5:05  SCV  
  55  5:15  SCV  
  55  5:17  SCV  
  55  5:18  Marine  
  52  5:23  Viking  
  52  5:27  SCV  
  55  5:29  SCV, Bunker  
  56  5:36  Marine x2  
  56  5:39  SCV  
  56  5:40  Barracks  
  56  5:41  SCV  
  60  5:47  Barracks  
  60  5:48  Siege Tank  
  63  5:51  SCV  
  63  5:53  SCV  
  63  5:56  Supply Depot  
  65  6:00  Refinery x2  
  65  6:03  SCV  
  66  6:06  SCV  
  66  6:07  Marine x2  
  66  6:08  Supply Depot  
  69  6:14  Starport Reactor  
  69  6:15  SCV  
  70  6:18  SCV  
  70  6:19  Supply Depot  
  70  6:21  Siege Tank  
  70  6:28  SCV  
  70  6:30  Marine  
  71  6:34  SCV  
  70  6:41  Barracks Tech Lab  
  70  6:42  SCV  
  70  6:46  SCV  
  72  6:48  Supply Depot  
  72  6:53  Siege Tank  
  72  6:54  Stimpack  
  75  6:55  SCV, Marauder  
  75  6:57  Marine x2  
  75  7:00  Medivac  
  82  7:03  Marine  
  84  7:08  SCV x2  
  84  7:10  Medivac  
  85  7:16  Combat Shield  
  85  7:18  Marine x2  
  85  7:19  Marauder  
  89  7:29  Marauder  
  86  7:40  Marauder  
  68  7:46  SCV  
  63  7:51  SCV  
  58  8:05  SCV x2  
  57  8:08  Command Center  
  57  8:11  Marine x2, Marauder x2  
  57  8:12  Factory Reactor, Factory Tech Lab  
  63  8:13  Medivac  
  63  8:17  SCV  
  66  8:21  SCV  
  67  8:29  SCV  
  67  8:32  Marine x2  
  67  8:33  SCV  
  67  8:34  Marauder x2  
  75  8:39  Engineering Bay  
  75  8:41  SCV  
  75  8:45  SCV  
  77  8:51  Marine x2  
  77  8:52  Siege Tank  
  77  8:53  SCV  
  77  8:55  Marauder  
  85  8:57  SCV  
  85  8:59  Supply Depot  
  86  9:19  Marauder, Terran Infantry Weapons Level 1, Marine x3  
  86  9:20  Orbital Command  
  86  9:22  Supply Depot  
  91  9:24  Medivac  
  91  9:25  Medivac  
  95  9:33  Barracks  
  95  9:36  Barracks  
  95  9:37  Marauder  
  96  9:43  Marine x2, Marauder  
  96  9:45  Siege Tank  
  100  9:49  SCV x2  
  102  10:01  SCV x2  
  102  10:02  Marine, Orbital Command  
  102  10:05  Missile Turret x2  
  105  10:08  Marauder, Concussive Shells  
  105  10:12  Marauder  
  109  10:23  Siege Tank  
  109  10:24  Barracks Reactor  
  109  10:25  Barracks Tech Lab  
  109  10:27  Supply Depot  
  112  10:28  SCV  
  112  10:29  Supply Depot  
  112  10:30  Marine x2  
  115  10:36  Marauder  
  117  10:49  SCV, Marine x2, Marauder x2  
  124  10:50  Liberator  
  127  10:57  Marauder  
  127  10:58  Siege Tank  
  132  11:06  Marine  
  132  11:07  Armory  
  132  11:08  Supply Depot  
  133  11:12  Marine  
  133  11:25  Marauder  
  133  11:29  Marine x3  
  133  11:30  Marine, Marauder x2  
  141  11:33  Orbital Command  
  140  11:49  Supply Depot  
Show
View Real Time Build Order
Export as new Build Order

Has Protoss 

Build Orders:  

Get SALT Encoding   

  12  0:00  Probe  
  13  0:12  Probe  
  14  0:22  Pylon  
  14  0:24  Probe  
  15  0:40  Gateway, Probe (Chrono Boost)  
  17  0:50  Assimilator, Probe (Chrono Boost)  
  17  0:55  Probe (Chrono Boost)  
  18  1:00  Assimilator  
  18  1:06  Probe  
  18  1:07  Pylon  
  18  1:09  Pylon  
  20  1:18  Probe  
  20  1:28  Cybernetics Core  
  20  1:30  Probe  
  21  1:42  Probe  
  22  1:54  Probe  
  23  2:02  Adept (Chrono Boost)  
  23  2:06  Probe  
  23  2:07  Shield Battery  
  25  2:08  Warp Gate  
  25  2:18  Robotics Facility  
  25  2:35  Nexus  
  24  2:38  Probe  
  25  2:50  Probe  
  26  2:53  Pylon  
  26  3:00  Stalker  
  30  3:05  Observer (Chrono Boost)  
  30  3:10  Gateway  
  29  3:16  Shield Battery  
  29  3:18  Probe  
  30  3:27  Gateway  
  31  3:39  Warp Prism (Chrono Boost)  
  30  3:46  Probe  
  34  4:01  Stalker  
  35  4:05  Stalker  
  35  4:07  Probe x2  
  39  4:19  Probe  
  38  4:26  Stalker  
  38  4:27  Stalker  
  38  4:29  Probe  
  38  4:31  Probe  
  41  4:46  Pylon  
  39  4:52  Adept x2  
  39  4:53  Adept  
  39  4:56  Probe  
  46  5:04  Probe  
  47  5:10  Probe  
  47  5:11  Twilight Council  
  48  5:16  Probe  
  49  5:22  Probe  
  50  5:34  Probe  
  51  5:36  Pylon  
  51  5:41  Gateway  
  50  5:42  Charge (Chrono Boost)  
  50  5:45  Gateway x2  
  50  5:46  Pylon  
  50  5:55  Gateway  
  50  5:56  Gateway  
  52  6:00  Adept x3  
  52  6:03  Pylon  
  56  6:12  Probe x2  
  54  6:37  Probe  
  54  6:38  Nexus  
  53  6:41  Zealot x6  
  53  6:46  Templar Archives  
  57  6:54  Stalker  
  61  7:08  Probe x2  
  61  7:17  Zealot  
  61  7:18  Zealot x5  
  73  7:28  High Templar  
  71  7:41  Zealot x5  
  69  7:48  Warp Prism (Chrono Boost)  
  49  8:02  Probe (Chrono Boost)  
  49  8:04  Probe (Chrono Boost)  
  41  8:05  Probe (Chrono Boost)  
  42  8:14  Probe (Chrono Boost)  
  42  8:17  Probe (Chrono Boost)  
  42  8:19  Probe (Chrono Boost)  
  45  8:20  High Templar x2, Probe (Chrono Boost)  
  45  8:21  Zealot x3  
  45  8:22  Probe (Chrono Boost)  
  45  8:24  Archon  
  45  8:25  Zealot  
  45  8:26  Observer  
  60  8:27  Probe  
  60  8:28  Probe  
  60  8:31  Probe  
  63  8:37  Zealot x2  
  67  8:46  Zealot x3  
  73  8:51  Probe  
  76  8:58  Psionic Storm  
  76  9:01  Probe x2  
  76  9:04  Probe  
  77  9:13  Probe  
  77  9:15  Probe  
  77  9:16  Probe  
  80  9:18  Gateway  
  80  9:22  Pylon  
  80  9:24  Zealot x6  
  82  9:29  Pylon  
  92  9:33  Probe  
  93  9:48  High Templar  
  95  9:57  Zealot x7  
  95  9:59  Pylon  
  109  10:01  Pylon  
  109  10:13  Pylon  
  109  10:21  Pylon, High Templar  
  111  10:22  Zealot x3  
  111  10:27  Pylon  
  117  10:33  Probe  
  117  10:34  Probe  
  119  10:47  Zealot x2  
  119  10:48  Zealot x5  
  128  11:01  Pylon, Nexus  
  128  11:03  Zealot  
  130  11:07  Nexus  
  130  11:09  Pylon  
  126  11:13  Zealot  
  126  11:18  Pylon x2  
  124  11:20  Zealot  
  124  11:21  Zealot  
  124  11:24  High Templar x2  
  124  11:25  Zealot x2  
  130  11:36  Zealot x2  
  130  11:37  Zealot  
  136  11:44  Zealot  
  136  11:45  Zealot  
  136  11:47  Zealot x2  
  136  11:57  Zealot x4  

Tags
 
Add a new tag
Caveats
  • Supply blocks, unpowered buildings, or Contaminate may cause inaccurate times.
  • Supply counts are checked every 10 seconds.